cohdb
Replays
Latest Replays
All Replays
Popular Replays
Top Player Replays
Match Explorer
How It Works
Community
CoH3 Stats
Reddit
Sign in to upload your games and track your stats! →
Sign in with Steam
Match 45149637
Unlisted
Match 45149637
Overview
Messages
Build Orders
End
Pioneer Squad
Construct Infanterie Kompanie
MG 42 Machine Gun Team
Grenadier Squad
Grenadier Squad
Construct Panzergrenadier Kompanie
251 Medium Carrier
Pak 40 Anti-tank Gun Team
Medical Bunker
Panzergrenadier Squad
Selects Breakthrough Battlegroup
Selects Assault Grenadiers
Selects Smoke Bombing Run
Selects Incendiary Bombing Run
Selects Rapid Production
Construct Panzer Kompanie
Sturmpanzer IV Brummbär
Stoßtruppen Squad
Panzer Officer Quarters
Incendiary Bombing Run
Selects Blitzkrieg
Support Elements
Pioneer Squad
Pioneer Squad
Nebelwerfer 42 Rocket Launcher Team
Grenadier Squad
Incendiary Bombing Run
Kettenkrad Recon Vehicle
Incendiary Bombing Run
DebaKLe
BigOrange
Водитель по Губам
Krifuji Nagisa
莱娜.沃伦德丽
Yudachi
0
0
Comments
sign in to comment!
No comments posted yet!